 Dungeon Crawl Stone Soup version 0.31.0-9-g3a7656b989 (webtiles) character file.

Game seed: 10911519410465275127

9 Colgate the Shooter (level 2, 22/22 HPs)
             Began as a Demonspawn Hunter on Feb 6, 2024.
             Quit the game on level 1 of the Dungeon.
             The game lasted 00:00:08 (132 turns).

Colgate the Shooter (Demonspawn Hunter)              Turns: 132, Time: 00:00:09

Health: 22/22      AC:  3    Str: 11    XL:     2   Next: 3%
Magic:  2/2        EV: 11    Int:  9    God:
Gold:   7          SH:  0    Dex: 16    Spells: 1/1 levels left

rFire   . . .        a - +0 shortbow
rCold   . . .        (shield currently unavailable)
rNeg    . . .        c - +0 leather armour
rPois   .            (helmet restricted)
rElec   .            (no cloak)
rCorr   .            (no gloves)
SInv    .            (no boots)
Will    .....        (no amulet)
Stlth   +            (no ring)
HPRegen 0.23/turn    (no ring)
MPRegen 0.08/turn

%: no passive effects
@: no status effects
A: horns 1
a: no special abilities


You were on level 1 of the Dungeon.
You visited 1 branch of the dungeon, and saw 1 of its levels.

You collected 7 gold pieces.

Inventory:

Hand Weapons
 a - a +0 shortbow (weapon)
Armour
 c - a +0 leather armour (worn)
Scrolls
 b - a scroll of butterflies
 d - a scroll of immolation {unknown}


   Skills:
 - Level 2.0 Fighting
 + Level 4.1 Ranged Weapons
 - Level 1.7 Dodging
 - Level 0.8 Stealth


You had one spell level left.
You didn't know any spells.
Your spell library was empty.

Dungeon Overview and Level Annotations

Branches:
Dungeon (1/15)

Altars:


Innate Abilities, Weirdness & Mutations

You have a pair of small horns on your head.


Message History

You shoot an arrow. The arrow closely misses the jackal.
A jackal is nearby!
You shoot an arrow. The arrow barely misses the jackal.
The jackal bites you but does no damage.
The jackal bites you.
A jackal is nearby!
You shoot an arrow. The arrow hits the jackal.
The jackal closely misses you. The jackal bites you.
A jackal is nearby!
You shoot an arrow. The arrow hits the jackal.
You kill the jackal!
Key pressed, stopping explore.
No target in view!
Key pressed, stopping explore.
No target in view!
Key pressed, stopping explore.
No target in view!
Key pressed, stopping explore.
No target in view!
Key pressed, stopping explore.
No target in view!
Key pressed, stopping explore.
No target in view!
HP restored.
You see here a jackal corpse.
A dart slug comes into view.
Found 10 gold pieces.
You shoot an arrow. The arrow hits the dart slug.
The dart slug launches a dart at you. The slug dart misses you.
A dart slug is nearby!
You shoot an arrow. The arrow hits the dart slug!
You kill the dart slug!
A kobold comes into view. It is wielding a +0 dagger.
Your Ranged Weapons skill increases to level 4!
You have reached level 2!
You feel monstrous as your demonic heritage exerts itself.
Your demonic ancestry asserts itself...
A pair of horns grows on your head!
Are you sure you want to abandon this character and quit the game? (Confirm with "yes".)

..K $.# ### ..# #..
..# ## #.# ..##...
#.# .......
#.#####.......
######.##..@.......
#...(..†..##.......
#.####.#### #......
#.####... .##### #.
#.#.###### # #.
#..#.## ###.
#.###.# ... ##.#.##
#####. ##.##
##..##.


You could see a kobold (wandering).

Vanquished Creatures
  A dart slug (D:1)
  4 jackals (D:1)
  A rat (D:1)
6 creatures vanquished.

Notes
Turn   | Place    | Note
-------+----------+-------------------------------------------
     0 | D:1      | Colgate the Demonspawn Hunter began the quest for the Orb.
     0 | D:1      | Reached XP level 1. HP: 16/16 MP: 1/1
   132 | D:1      | Reached skill level 4 in Ranged Weapons
   132 | D:1      | Discovered your monstrous ancestry.
   132 | D:1      | Gained mutation: You have a pair of small horns on your
                  | head. [demonic ancestry]
   132 | D:1      | Reached XP level 2. HP: 22/22 MP: 2/2
   132 | D:1      | Quit the game

Illustrated notes

Levels and vault maps discovered:
D:1:      roadster_arrival_rocket_small, layout_loops_corners,
          basic_ecumenical_altar

Skill      XL: |  1 |
---------------+----+-----
Ranged Weapons | 4 |  4.1
Fighting       | |  2.0
Dodging        | |  1.7
Stealth        | |  0.8

Action                     || total
---------------------------++-------
   Fire: Shortbow          ||    15
 Armour: Leather armour    ||     3
  Dodge: Dodged            ||     2
